 Dungeon Crawl Stone Soup version 0.28.0-43-g3370ac3207 (webtiles) character file.

Game seed: 11870613187917033029

193 tizbic2 the Cudgeller (level 5, -3/72 (81) HPs)
             Began as an Ogre Gladiator on Mar 19, 2022.
             Slain by a wight
             ... wielding a +3 great sword of freezing
              (14 damage)
             ... on level 3 of the Dungeon.
             The game lasted 00:10:39 (2660 turns).

tizbic2 the Cudgeller (Ogre Gladiator)              Turns: 2660, Time: 00:10:39

HP:   -3/72 (81)    AC:  3    Str: 20    XL:     5   Next: 72%
MP:   5/5           EV: 10    Int:  9    God:
Gold: 165           SH:  0    Dex: 10    Spells: 4/4 levels left

rFire   . . .      SeeInvis .   h - staff of conjuration
rCold   . . .      Faith    .   (no shield)
rNeg    . . .      Spirit   .   k - +0 robe
rPois   .          Reflect  .   c - +0 hat
rElec   .          Harm     .   (no cloak)
rCorr   .          Rampage  .   (gloves unavailable)
Will    .....                   (boots unavailable)
Stlth   ..........              (no amulet)
HPRegen 0.22/turn               (no ring)
MPRegen 0.09/turn               (no ring)

@: berserking, heavily drained, very quick
A: large, unfitting armour, tough skin 1
a: no special abilities


You were on level 3 of the Dungeon.
You visited 1 branch of the dungeon, and saw 3 of its levels.

You collected 165 gold pieces.

Inventory:

Hand Weapons
 a - a +0 flail
 l - a +0 mace
 m - a +0 hand axe
Missiles
 d - a throwing net
 g - 35 stones (quivered)
 o - 3 poisoned darts
Armour
 c - a +0 hat (worn)
 k - a +0 robe (worn)
Magical Staves
 h - a staff of conjuration (weapon)
Scrolls
 b - 2 scrolls of enchant weapon
Potions
 e - a potion of cancellation
 i - a potion of flight


   Skills:
 + Level 4.1 Fighting
 * Level 4.1 Maces & Flails
 * Level 3.8 Throwing
 - Level 2.6 Dodging


You had 4 spell levels left.
You didn't know any spells.
Your spell library contained the following spells:

 Spells                   Type           Power      Damage    Failure   Level
 Scorch                   Fire           0%         2d5       52%         2
 Flame Wave               Conj/Fire      0%         2d4       99%         4
 Summon Cactus Giant      Summ           0%         N/A       100%        6


Dungeon Overview and Level Annotations

Branches:
Dungeon (3/15)

Altars:
Ashenzari
Cheibriados

Shops:
D:3 *?*?


Innate Abilities, Weirdness & Mutations

You are too large for most types of armour.
You have tough skin. (AC +1)


Message History

You hit the wight.
The wight is heavily damaged.
The wight hits you with a +3 short sword.
* * * LOW HITPOINT WARNING * * *
You hit the wight.
The wight is heavily damaged.
The wight hits you but does no damage.
You hit the wight but do no damage.
The wight is heavily damaged.
The wight hits you but does no damage.
You barely miss the wight.
The wight is heavily damaged.
The wight hits you but does no damage.
You barely miss the wight.
The wight is heavily damaged.
The wight hits you but does no damage.
You barely miss the wight.
The wight is heavily damaged.
The wight hits you with a +3 short sword!
* * * LOW HITPOINT WARNING * * *
You feel drained.
* * * LOW HITPOINT WARNING * * *
You barely miss the wight.
The wight is heavily damaged.
The wight hits you but does no damage.
Okay, then.
It was a potion of cancellation.
Your magical effects are unravelling.
You feel magically purged.
You feel less wooden.
Your +0 hat unmelds from your body.
Your +0 robe unmelds from your body.
The wight misses you.
It was a potion of berserk rage.
A red film seems to cover your vision as you go berserk!
You feel yourself moving faster!
You feel mighty! The wight closely misses you.
You hit the wight!
You destroy the wight!
Your Fighting skill increases to level 4!
The wight hits you with a +3 great sword of freezing!
You die...

......#∩........#
......#.........#
................#
.......)..####'#####
........).#........#
..........#........#
......##'.........#
............#'##########
....≈≈.≈≈(..((z@........
..≈..§§≈..≈...##########
..≈≈.....≈§...#
.§.._.§§§...#
≈§....§≈≈...#
≈§.≈.≈§§≈...#
..≈≈.≈≈.....#
.........#..#
.....#####..#


You could see a wight.

Vanquished Creatures
  2 wights (D:3)
  5 adders (D:2)
  A dart slug (D:3)
  2 orcs
  12 endoplasms
  6 giant cockroaches
  5 goblins
  4 hobgoblins (D:2)
  2 kobolds
  A quokka (D:3)
  6 ball pythons
  6 bats
  4 frilled lizards
  3 rats (D:1)
59 creatures vanquished.

Notes
Turn   | Place    | Note
-------+----------+-------------------------------------------
     0 | D:1      | tizbic2 the Ogre Gladiator began the quest for the Orb.
     0 | D:1      | Reached XP level 1. HP: 22/22 MP: 1/1
   165 | D:1      | Reached XP level 2. HP: 28/29 MP: 2/2
   331 | D:1      | Found a faded altar of an unknown god.
   615 | D:1      | Reached XP level 3. HP: 35/37 MP: 3/3
   950 | D:2      | Found a broken altar of Ashenzari.
  1383 | D:2      | Reached XP level 4. HP: 42/45 MP: 4/4
  2261 | D:3      | Found Osatyqap's Assorted Antiques.
  2328 | D:3      | Reached XP level 5. HP: 19/50 MP: 5/5
  2524 | D:3      | Found Zoclet's Magic Scroll Boutique.
  2524 | D:3      | Found Ofuqa's Assorted Antiques.
  2587 | D:3      | Found Riycuq's Magic Scroll Shoppe.
  2619 | D:3      | Found a snail-covered altar of Cheibriados.
  2660 | D:3      | Slain by a wight

Illustrated notes

Levels and vault maps discovered:
D:1:      minmay_arrival_cross, layout_basic, shapermc_ecumenical_altar_venn,
          chequers_serial_rivers_micro_e
D:2:      layout_basic, basic_altar
D:3:      minmay_bubble_buster, layout_basic,
          mainiacjoe_overflow_small_starburst, serial_shops,
          nicolae_shop_crystal, shop_fountains, shop, nicolae_lakefront_shop

Skill      XL: |  1  2  3  4  5 |
---------------+----------------+-----
Fighting       | 3 4 |  4.1
Maces & Flails | 3 4 |  4.1
Throwing       | 3 |  3.8
Dodging        | |  2.6

Action                   |  1- 3 |  4- 6 || total
-------------------------+-------+-------++-------
Melee: Flail             |     9 |       ||     9
       Dagger            |    13 |       ||    13
       Staff             |    56 |    26 ||    82
       Punch             |     1 |     2 ||     3
       Mace              |    27 |       ||    27
       Hand axe          |     3 |    79 ||    82
Throw: Stone             |    55 |    31 ||    86
       Throwing net      |     2 |       ||     2
  Use: Scroll            |       |     4 ||     4
       Potion            |       |     5 ||     5
Armor: Robe              |    36 |    27 ||    63
       Skin              |       |    12 ||    12
Dodge: Dodged            |    93 |    63 ||   156
